SNL (28 & UNDER)
WICHITA WRANGLERS @ KEY WEST BARRACUDAS
08/28/2030
 
TOP OF THE 1ST
Wichita Wranglers batting - Pitching for Key West Barracudas : RHP Chuck Davies
Pitching: RHP Chuck Davies
Batting: LHB Terry Neal 0-0: Ball
1-0: Foul Ball, location: 2F
1-1: Ball
2-1: Fly out, F6 (Line Drive, 6)
Batting: LHB José Guerrero 0-0: Called Strike
0-1: DOUBLE (Flyball, 78XD)
Batting: LHB Chris Gibson 0-0: Foul Ball, location: 2F
0-1: Fly out, F7 (Line Drive, 7D)
Batting: LHB Travis Jefferson 0-0: Ball
1-0: Ball
2-0: Ground out 5-3 (Groundball, 5L)
Top of the 1st over - 0 runs, 1 hit, 0 errors, 1 left on base; Wichita 0 - Key West 0
BOTTOM OF THE 1ST
Key West Barracudas batting - Pitching for Wichita Wranglers : LHP Ron Sosa
Pitching: LHP Ron Sosa
Batting: RHB Rob DeWitt 0-0: Ball
1-0: Called Strike
1-1: Ball
2-1: Foul Ball, location: 2F
2-2: Ball
3-2: Base on Balls
Batting: RHB Ramón Díaz 0-0: Swinging Strike
0-1: Ground out 4-3 (Groundball, 34)
Rob DeWitt to second
Batting: SHB Brock Owens 0-0: Ball
1-0: Called Strike
1-1: Called Strike
1-2: Ball
2-2: Foul Ball, location: 2F
2-2: Strikes out looking
Batting: RHB Cris Lugo 0-0: Ground out 5-3 (Groundball, 56S)
Bottom of the 1st over - 0 runs, 0 hits, 0 errors, 1 left on base; Wichita 0 - Key West 0
TOP OF THE 2ND
Wichita Wranglers batting - Pitching for Key West Barracudas : RHP Chuck Davies
Batting: RHB Travis Ezell 0-0: Foul Ball, location: 2F
0-1: Swinging Strike
0-2: Strikes out swinging
Batting: RHB Hubert MacDonald 0-0: Called Strike
0-1: Ball
1-1: Ball
2-1: Swinging Strike
2-2: Foul Ball, location: 2F
2-2: Fly out, F7 (Flyball, 7S)
Batting: RHB Walter Brown 0-0: Ball
1-0: Ball
2-0: Foul Ball, location: 2F
2-1: Foul Ball, location: 2F
2-2: Strikes out swinging
Top of the 2nd over - 0 runs, 0 hits, 0 errors, 0 left on base; Wichita 0 - Key West 0
BOTTOM OF THE 2ND
Key West Barracudas batting - Pitching for Wichita Wranglers : LHP Ron Sosa
Batting: SHB Júlio Ayala 0-0: Called Strike
0-1: Fly out, F7 (Flyball, 7D)
Batting: LHB Howard White 0-0: Called Strike
0-1: Foul Ball, location: 2F
0-2: Ball
1-2: Ball
2-2: Foul Ball, location: 2F
2-2: Foul Ball, location: 2F
2-2: Ball
3-2: Ground out 6-3 (Groundball, 6S)
Batting: RHB Anastasio Zartuche 0-0: Called Strike
0-1: Ground out 6-3 (Groundball, 6)
Bottom of the 2nd over - 0 runs, 0 hits, 0 errors, 0 left on base; Wichita 0 - Key West 0
TOP OF THE 3RD
Wichita Wranglers batting - Pitching for Key West Barracudas : RHP Chuck Davies
Batting: SHB Dan Dunn 0-0: Ball
1-0: Ball
2-0: Ball
3-0: Base on Balls
Batting: RHB Mauro Paredes 0-0: Called Strike
0-1: Called Strike
0-2: Ball
1-2: Strikes out swinging
Batting: LHB Terry Neal 0-0: Called Strike
0-1: Ball
1-1: Ball
2-1: Foul Ball, location: 2F
2-2: Ball
3-2: Fly out, F8 (Flyball, 8LS)
Batting: LHB José Guerrero 0-0: Ball
1-0: Ball
2-0: Called Strike
2-1: Foul Ball, location: 2F
2-2: Ball
3-2: Fly out, F7 (Flyball, 7LM)
Top of the 3rd over - 0 runs, 0 hits, 0 errors, 1 left on base; Wichita 0 - Key West 0
BOTTOM OF THE 3RD
Key West Barracudas batting - Pitching for Wichita Wranglers : LHP Ron Sosa
Batting: LHB Mauro Díaz 0-0: Reached on error, E4 (Groundball, 4)
Batting: SHB Eric Pimentel 0-0: Ball
1-0: Foul Ball, location: 2F
1-1: Ball
2-1: Ball
3-1: Base on Balls
Batting: RHB Rob DeWitt 0-0: Hit by Pitch
Mauro Díaz to third
Eric Pimentel to second
Batting: RHB Ramón Díaz 0-0: Called Strike
0-1: Ball
1-1: Fly out, F4 (Line Drive, 4M)
Batting: SHB Brock Owens 0-0: Fly out, F3 (Popup, 34S)
Batting: RHB Cris Lugo 0-0: SINGLE (Line Drive, 78M)
Mauro Díaz scores
Eric Pimentel to third
Rob DeWitt to second
Batting: SHB Júlio Ayala 0-0: Swinging Strike
0-1: Swinging Strike
0-2: Ball
1-2: Strikes out swinging
Bottom of the 3rd over - 1 run, 1 hit, 1 error, 3 left on base; Wichita 0 - Key West 1
TOP OF THE 4TH
Wichita Wranglers batting - Pitching for Key West Barracudas : RHP Chuck Davies
Batting: LHB Chris Gibson 0-0: Swinging Strike
0-1: Ball
1-1: Ball
2-1: Swinging Strike
2-2: Ball
3-2: Strikes out swinging
Batting: LHB Travis Jefferson 0-0: Foul Ball, location: 2F
0-1: Fly out, F8 (Line Drive, 8LM)
Batting: RHB Travis Ezell 0-0: Called Strike
0-1: Ball
1-1: Called Strike
1-2: Ball
2-2: Ball
3-2: Strikes out swinging
Top of the 4th over - 0 runs, 0 hits, 0 errors, 0 left on base; Wichita 0 - Key West 1
BOTTOM OF THE 4TH
Key West Barracudas batting - Pitching for Wichita Wranglers : LHP Ron Sosa
Batting: LHB Howard White 0-0: Ball
1-0: Ball
2-0: Ball
3-0: Base on Balls
Batting: RHB Anastasio Zartuche 0-0: Foul Ball, location: 2F
0-1: SINGLE (Line Drive, 7S)
Howard White to second
Batting: LHB Mauro Díaz 0-0: Ball
1-0: Ball
2-0: Swinging Strike
2-1: Foul Ball, location: 2F
2-2: Strikes out looking
Batting: SHB Eric Pimentel 0-0: Ball
1-0: Foul Ball, location: 2F
1-1: Ball
2-1: Ball
3-1: Base on Balls
Howard White to third
Anastasio Zartuche to second
Batting: RHB Rob DeWitt 0-0: Called Strike
0-1: Foul Ball, location: 2F
0-2: Ball
1-2: Ball
2-2: Grounds into double play, 6-4-3 (Groundball, 6)
Bottom of the 4th over - 0 runs, 1 hit, 0 errors, 2 left on base; Wichita 0 - Key West 1
TOP OF THE 5TH
Wichita Wranglers batting - Pitching for Key West Barracudas : RHP Chuck Davies
Batting: RHB Hubert MacDonald 0-0: Ball
1-0: Called Strike
1-1: Foul Ball, location: 2F
1-2: Ball
2-2: Ball
3-2: Foul Ball, location: 2F
3-2: Foul Ball, location: 2F
3-2: Foul Ball, location: 2F
3-2: Base on Balls
Pitching: LHP Stanley Wise
Batting: RHB Walter Brown 0-0: Ball
1-0: Ground out 5-3 (Groundball, 56S)
Hubert MacDonald to second
Batting: SHB Dan Dunn 0-0: Ball
1-0: Ball
2-0: Called Strike
2-1: Foul Ball, location: 2F
2-2: Foul Ball, location: 2F
2-2: Strikes out swinging
Batting: RHB Mauro Paredes 0-0: Ball
1-0: Foul Ball, location: 2F
1-1: Foul Ball, location: 2F
1-2: Ball
2-2: Ball
3-2: Foul Ball, location: 2F
3-2: Ground out 4-3 (Groundball, 4)
Top of the 5th over - 0 runs, 0 hits, 0 errors, 1 left on base; Wichita 0 - Key West 1
BOTTOM OF THE 5TH
Key West Barracudas batting - Pitching for Wichita Wranglers : LHP Ron Sosa
Batting: RHB Ramón Díaz 0-0: Called Strike
0-1: Ball
1-1: Ball
2-1: Swinging Strike
2-2: Strikes out swinging
Batting: SHB Brock Owens 0-0: SOLO HOME RUN (Flyball, 7LD), Distance : 342 ft
Batting: RHB Cris Lugo 0-0: Ball
1-0: Foul Ball, location: 2F
1-1: Ball
2-1: Ball
3-1: Swinging Strike
3-2: Foul Ball, location: 2F
3-2: Foul Ball, location: 2F
3-2: Base on Balls
Batting: SHB Júlio Ayala 0-0: Ball
1-0: Foul Ball, location: 2F
1-1: Foul Ball, location: 2F
1-2: Strikes out looking
Batting: LHB Howard White 0-0: Ball
Cris Lugo is caught stealing 2nd base
Bottom of the 5th over - 1 run, 1 hit, 0 errors, 0 left on base; Wichita 0 - Key West 2
TOP OF THE 6TH
Wichita Wranglers batting - Pitching for Key West Barracudas : LHP Stanley Wise
Batting: LHB Terry Neal 0-0: Called Strike
0-1: Foul Ball, location: 2F
0-2: Foul Ball, location: 2F
0-2: Ball
1-2: Strikes out swinging
Batting: LHB José Guerrero 0-0: Called Strike
0-1: Called Strike
0-2: Hit by Pitch
Batting: LHB Chris Gibson 0-0: Ball
1-0: Called Strike
1-1: Fly out, F7 (Flyball, 78S)
Batting: LHB Travis Jefferson 0-0: Fly out, F9 (Flyball, 9LSF)
Top of the 6th over - 0 runs, 0 hits, 0 errors, 1 left on base; Wichita 0 - Key West 2
BOTTOM OF THE 6TH
Key West Barracudas batting - Pitching for Wichita Wranglers : LHP Ron Sosa
Batting: LHB Howard White 0-0: Foul Ball, location: 2F
0-1: Ball
1-1: Ground out U3 (Groundball, 3L)
Batting: RHB Anastasio Zartuche 0-0: Foul Ball, location: 2F
0-1: Ground out 5-3 (Groundball, 56)
Batting: LHB Mauro Díaz 0-0: Ball
1-0: Ball
2-0: Ball
3-0: Called Strike
3-1: Foul Ball, location: 2F
3-2: Foul Ball, location: 2F
3-2: Fly out, F3 (Popup, 34)
Bottom of the 6th over - 0 runs, 0 hits, 0 errors, 0 left on base; Wichita 0 - Key West 2
TOP OF THE 7TH
Wichita Wranglers batting - Pitching for Key West Barracudas : LHP Stanley Wise
Batting: RHB Travis Ezell 0-0: Ball
1-0: Ball
2-0: Called Strike
2-1: Foul Ball, location: 2F
2-2: Strikes out swinging
Batting: RHB Hubert MacDonald 0-0: Called Strike
0-1: Called Strike
0-2: Foul Ball, location: 2F
0-2: Strikes out swinging
Batting: RHB Walter Brown 0-0: Called Strike
0-1: Foul Ball, location: 2F
0-2: Strikes out swinging
Top of the 7th over - 0 runs, 0 hits, 0 errors, 0 left on base; Wichita 0 - Key West 2
BOTTOM OF THE 7TH
Key West Barracudas batting - Pitching for Wichita Wranglers : LHP Ron Sosa
Batting: SHB Eric Pimentel 0-0: Ball
1-0: Fly out, F4 (Popup, 4M)
Batting: RHB Rob DeWitt 0-0: Hit by Pitch
Batting: RHB Ramón Díaz 0-0: Ball
Rob DeWitt steals 2nd base
1-0: Intentional Walk
Pitching: RHP Stephen Copeland
Batting: SHB Brock Owens 0-0: Called Strike
0-1: Foul Ball, location: 2F
0-2: Foul Ball, location: 2F
0-2: Ball
1-2: Ball
2-2: DOUBLE (Line Drive, 9D)
Rob DeWitt scores
Ramón Díaz to third
Runner from 3rd tries for Home, SAFE, no throw
Batting: RHB Cris Lugo 0-0: Intentional Walk
Batting: SHB Júlio Ayala 0-0: Ball
1-0: SINGLE (Line Drive, 8RS)
Brock Owens to third
Cris Lugo to second
Runner from 3rd tries for Home, SAFE, no throw
Batting: LHB Howard White 0-0: Ball
Wild Pitch!
Cris Lugo to third
Júlio Ayala to second
1-0: Ball
2-0: Foul Ball, location: 2F
2-1: Ball
3-1: Foul Ball, location: 2F
3-2: Base on Balls
Batting: RHB Anastasio Zartuche 0-0: Ball
1-0: SINGLE (Groundball, 6MD)
Cris Lugo scores
Júlio Ayala to third
Howard White to second
Batting: LHB Mauro Díaz 0-0: Swinging Strike
0-1: Foul Ball, location: 2F
0-2: Ball
1-2: Ball
2-2: Foul Ball, location: 2F
2-2: Foul Ball, location: 2F
2-2: Foul Ball, location: 2F
2-2: Ball
3-2: Fly out, F9 (Flyball, 9LM)
Runner from 3rd tags up, SCORES, throw made
Batting: SHB Eric Pimentel 0-0: Foul Ball, location: 2F
0-1: Foul Ball, location: 2F
0-2: Ball
1-2: Foul Ball, location: 2F
1-2: Strikes out swinging
Bottom of the 7th over - 5 runs, 3 hits, 0 errors, 2 left on base; Wichita 0 - Key West 7
TOP OF THE 8TH
Wichita Wranglers batting - Pitching for Key West Barracudas : LHP Stanley Wise
Pitching: RHP Mario Díaz
Batting: SHB Dan Dunn 0-0: Fly out, F7 (Line Drive, 7)
Batting: RHB Mauro Paredes 0-0: Ball
1-0: Called Strike
1-1: Ball
2-1: Ball
3-1: Foul Ball, location: 2F
3-2: Base on Balls
Batting: LHB Terry Neal 0-0: Ball
1-0: Called Strike
1-1: Swinging Strike
1-2: Fly out, F7 (Flyball, 7S)
Pinch Hitting: RHB Henry Edwards 0-0: Ball
1-0: Foul Ball, location: 2F
1-1: Fly out, F7 (Flyball, 7S)
Top of the 8th over - 0 runs, 0 hits, 0 errors, 1 left on base; Wichita 0 - Key West 7
BOTTOM OF THE 8TH
Key West Barracudas batting - Pitching for Wichita Wranglers : RHP Stephen Copeland
Now in CF: Lorenzo Orozco
Batting: RHB Rob DeWitt 0-0: Ground out 1-3 (Groundball, 13S)
Batting: RHB Ramón Díaz 0-0: Ball
1-0: Ball
2-0: Ball
3-0: Called Strike
3-1: Fly out, F7 (Flyball, 78D)
Batting: SHB Brock Owens 0-0: Called Strike
0-1: Foul Ball, location: 2F
0-2: Foul Ball, location: 2F
0-2: SINGLE (Line Drive, 56D)
Batting: RHB Cris Lugo 0-0: Called Strike
0-1: Ball
Brock Owens steals 2nd base
1-1: Foul Ball, location: 2F
1-2: Foul Ball, location: 2F
1-2: Foul Ball, location: 2F
1-2: Strikes out swinging
Bottom of the 8th over - 0 runs, 1 hit, 0 errors, 1 left on base; Wichita 0 - Key West 7
TOP OF THE 9TH
Wichita Wranglers batting - Pitching for Key West Barracudas : RHP Mario Díaz
Batting: LHB Chris Gibson 0-0: Ball
1-0: Foul Ball, location: 2F
1-1: Foul Ball, location: 2F
1-2: Ball
2-2: Ball
3-2: Strikes out swinging
Batting: LHB Travis Jefferson 0-0: Ball
1-0: Ball
2-0: Fly out, F8 (Flyball, 89M)
Batting: RHB Travis Ezell 0-0: Ball
1-0: Ball
2-0: SINGLE (Groundball, 6MD)
Batting: RHB Hubert MacDonald 0-0: Ball
1-0: Ball
2-0: Ball
3-0: Called Strike
3-1: Foul Ball, location: 2F
3-2: Base on Balls
Travis Ezell to second
Batting: RHB Walter Brown 0-0: Fly out, F7 (Flyball, 7)
Top of the 9th over - 0 runs, 1 hit, 0 errors, 2 left on base; Wichita 0 - Key West 7
Saturday, April 7th, 2018 - OOTP Baseball 18.8 Build 76